 Dungeon Crawl Stone Soup version 0.24.0-13-gcf9b3192b9 (webtiles) character file.

Game seed: 12114689756865136185, levelgen mode: classic

46 EnegeticOcto the Chucker (level 3, -3/25 HPs)
             Began as an Octopode Hunter on Nov 5, 2019.
             Slain by a worm (10 damage)
             ... on level 2 of the Dungeon.
             The game lasted 00:01:13 (1695 turns).

EnegeticOcto the Chucker (Octopode Hunter)          Turns: 1695, Time: 00:01:14

Health: -3/25      AC:  1    Str: 11    XL:     3   Next: 66%
Magic:  3/3        EV: 13    Int: 14    God:
Gold:   41         SH:  0    Dex: 12    Spells: 2/2 levels left

rFire    . . .     SeeInvis .   a - +0 short sword
rCold    . . .     Gourm    .   (no shield)
rNeg     . . .     Faith    .   (helmet restricted)
rPois    .         Spirit   .   (no amulet)
rElec    .         Reflect  .   (no ring)
rCorr    .         Harm     .   (no ring)
MR       .....                  (no ring)
Stlth    +++.......             (no ring)
HPRegen  0.08/turn              (no ring)
MPRegen  0.08/turn              (no ring)
                                (no ring)
                                (no ring)

@: lethally poisoned (-3 -> -7)
A: almost no armour, stealthy swim, amphibious, 8 rings, constrict 8, camouflage
1, gelatinous body 1
a: no special abilities


You were on level 2 of the Dungeon.
You were not hungry.

You visited 1 branch of the dungeon, and saw 2 of its levels.

You collected 41 gold pieces.

Inventory:

Hand Weapons
 a - a +0 short sword (weapon)
Missiles
 b - 6 javelins
 c - a throwing net (quivered) {!f}
 n - 7 boomerangs
Armour
 i - a +0 large shield
Scrolls
 d - a scroll of blinking {unknown}
 h - a scroll of immolation {unknown}
 k - a scroll of teleportation {unknown}
 o - 2 scrolls of enchant armour {unknown}
 p - a scroll of identify {unknown}
Potions
 f - 3 potions of curing {unknown}
 g - 3 potions of lignification {unknown}
 j - 2 potions of agility {unknown}
 l - 3 potions of resistance {unknown}
 q - a potion of heal wounds {unknown}
Comestibles
 e - 2 rations
 m - 6 chunks of flesh


   Skills:
 + Level 2.6 Fighting
 - Level 4.0 Throwing
 - Level 2.0 Dodging
 + Level 2.8 Stealth
 + Level 0.8 Shields
 + Level 1.5 Unarmed Combat


You had 2 spell levels left.
You didn't know any spells.
Your spell library was empty.

Dungeon Overview and Level Annotations

Branches:
Dungeon (2/15)

Altars:


Innate Abilities, Weirdness & Mutations

You cannot wear most types of armour.
You are very stealthy in the water. (Stealth+)
You are amphibious.
You can wear up to eight rings at the same time.
You can use your tentacles to constrict eight enemies at once.
Your skin changes colour to match your surroundings (Stealth+).
Your rubbery body absorbs attacks. (AC +1, EV +1)


Message History

HP restored.
o - a scroll labeled DUWUGIMMORPH
Things that are here:
a +0 club; a kobold corpse
Found a stone staircase leading down.
l - 3 murky purple potions (gained 1)
Things that are here:
a +0 club; a kobold corpse
p - a scroll labeled USEBLUTITI
Found a stone staircase leading up.
o - 2 scrolls labeled DUWUGIMMORPH (gained 1)
Found a stone staircase leading down.
A hobgoblin comes into view.
A hobgoblin is nearby!
A hobgoblin is nearby!
The hobgoblin shouts!
No target in view!
No target in view!
No target in view!
No target in view!
No target in view!
Found a fizzy brown potion.
There is a stone staircase leading down here.
The hobgoblin barely misses you.
Found a ration.
You hit the hobgoblin but do no damage. You grab the hobgoblin.
You constrict the hobgoblin. The hobgoblin barely misses you.
You hit the hobgoblin. You squeeze the hobgoblin.
You kill the hobgoblin!
You have reached level 3!
Your experience leads to an increase in your attributes!
Increase (S)trength, (I)ntelligence, or (D)exterity?
You feel clever.
q - a fizzy brown potion You butcher the hobgoblin corpse.
m - 6 chunks of flesh (gained 2)
You see here a hobgoblin skeleton. x2
e - 2 rations (gained 1)
A worm comes into view.
There are monsters nearby!
There are monsters nearby!
The worker ant twitches its antennae in your direction.
The worker ant waves its antennae.
The worker ant bites you.
You are poisoned.
The worker ant poisons you!
Found a ration.
You feel sick.
You feel sick.
You feel sick. The worker ant closely misses you.
You feel sick.
You see here a hobgoblin skeleton.
Throwing (i - inventory. (/) - cycle)
c - 2 throwing nets (quivered)
{!f}
Press: ? - help, Shift-Dir - straight line, f - worker ant
Aim: a worker ant Really fire
c - 2 throwing nets {!f}?
You throw a throwing net {!f}.
The throwing net {!f} hits the worker ant.
The worker ant is caught in the net!
You feel sick.
The worker ant struggles against the net.
You catch the helpless worker ant completely off-guard!
You hit the worker ant. You grab the worker ant.
The worker ant is moderately wounded.
You constrict the worker ant.
The worker ant struggles against the net.
You barely miss the worker ant.
The worker ant is moderately wounded.
You constrict the worker ant, but do no damage.
You feel sick.
The worker ant struggles against the net. x2
You hit the worker ant but do no damage.
The worker ant is moderately wounded.
You constrict the worker ant.
The worker ant struggles against the net.
You hit the worker ant but do no damage.
The worker ant is moderately wounded.
You constrict the worker ant, but do no damage.
The worker ant struggles against the net.
The net rips apart, and the worker ant comes free!
The worker ant completely misses you.
You hit the worker ant. You squeeze the worker ant.
The worker ant is almost dead.
You constrict the worker ant, but do no damage.
You feel sick. The worker ant barely misses you.
You hit the worker ant but do no damage.
The worker ant is almost dead.
You constrict the worker ant.
You kill the worker ant!
There is a stone staircase leading down here.
You hit the worm. You grab the worm. You squeeze the worm!
The worm is heavily wounded.
You constrict the worm.
You feel sick. The worm bites you!
* * * LOW HITPOINT WARNING * * *
You hit the worm.
The worm is heavily wounded.
You constrict the worm. You hit the worm but do no damage.
The worm is severely wounded.
You constrict the worm. The worm bites you!
You die...

##### ### #...# #.###.#.#
##########.....#..
########.................
........@................
.......w############.....
.......รท.# #.##.#
.........# #.# #
......#..# #.# #
......#..####### #.#
#....##........#####.####
#.... #..................
##..##..................#


You could see a worm.

Vanquished Creatures
  A worker ant (D:2)
  A dart slug (D:1)
  A bat (D:1)
  2 giant cockroaches (D:1)
  3 goblins
  3 hobgoblins
  A quokka (D:2)
  2 frilled lizards (D:1)
  4 kobolds
  3 rats
21 creatures vanquished.

Notes
Turn   | Place    | Note
-------+----------+-------------------------------------------
     0 | D:1      | EnegeticOcto the Octopode Hunter began the quest for the
                  | Orb.
     0 | D:1      | Reached XP level 1. HP: 14/14 MP: 1/1
   693 | D:1      | Reached XP level 2. HP: 17/19 MP: 2/2
   873 | D:1      | Reached skill level 1 in Unarmed Combat
  1669 | D:2      | Reached XP level 3. HP: 25/25 MP: 3/3
  1695 | D:2      | Slain by a worm

Levels and vault maps discovered:
D:1:      zelgadis_glass_arrival_large, layout_basic, serial_bayou_crossing
D:2:      layout_basic, minmay_misc_feat_x, fedhas_altar_1,
          uniq_crazy_yiuf_cottage

Skill      XL: |  1  2 |
---------------+-------+-----
Stealth        | 2 |  2.8
Unarmed Combat | 1 |  1.5
Fighting       | |  2.6
Throwing       | |  4.0
Dodging        | |  2.0
Shields        | |  0.8

Action                   || total
-------------------------++-------
Melee: Short sword       ||    55
       Constrict         ||    14
       Tentacles         ||     9
Throw: Throwing net      ||     1
 Stab: Sleeping          ||     5
       Held in net/web   ||     1
  Eat: Chunk             ||     2
Armor: Skin              ||     1
Dodge: Dodged            ||    32
